 Dungeon Crawl Stone Soup version 0.16.0 (webtiles) character file.

213 Hocus the Digger (level 5, -2/28 HPs)
             Began as a Gargoyle Earth Elementalist on Mar 20, 2015.
             Slain by Duvessa
             ... wielding a +0 short sword
              (9 damage)
             ... on level 4 of the Dungeon.
             The game lasted 00:21:26 (5855 turns).

Hocus the Digger (Gargoyle Earth Elementalist)      Turns: 5855, Time: 00:21:26

Health: -2/28      AC:  7    Str: 12    XL:     5   Next: 90%
Magic:  0/10       EV: 12    Int: 16    God:
Gold:   212        SH:  0    Dex: 10    Spells: 2 memorised, 5 levels left

rFire  . . .     SeeInvis .     (no weapon)
rCold  . . .     Clarity  .     c - +0 robe
rNeg   + . .     SustAb   .     (no shield)
rPois  ∞         Gourm    .     (no helmet)
rElec  +         Spirit   .     (no cloak)
rCorr  .         Warding  .     p - +0 pair of gloves
rMut   .         Stasis   .     (no boots)
MR     .....                    (no amulet)
Stlth  ++........               (no ring)
                                (no ring)

@: very slightly contaminated, not resistant to hostile enchantments, unstealthy
A: negative energy resistance 1, electricity resistance, unbreathing,
petrification resistance, rot immunity, AC +4
a: no special abilities


You were on level 4 of the Dungeon.
You were not hungry.

You visited 1 branch of the dungeon, and saw 4 of its levels.

You collected 212 gold pieces.

Inventory:

Missiles
 b - 49 stones (quivered)
Armour
 c - a +0 robe (worn)
 p - a +0 pair of gloves (worn)
Jewellery
 v - an uncursed ring of fire {unknown}
Magical devices
 o - a wand of random effects (21)
 s - a wand of teleportation (7)
Scrolls
 h - 2 scrolls of identify
 k - 2 scrolls of enchant weapon
 m - a scroll of enchant armour
Potions
 i - a potion of brilliance
 x - a potion of berserk rage {unknown}
 A - a potion of heal wounds {unknown}
 B - a potion of poison {unknown}
Books
 d - a book of Geomancy

   Spells                             Type                      Level
   a - Sandblast                      Earth                        1
   b - Stoneskin                      Transmutation/Earth          2
   c - Passwall                       Transmutation/Earth          3
   d - Stone Arrow                    Conjuration/Earth            3
   e - Petrify                        Transmutation/Earth          4
   f - Lee's Rapid Deconstruction     Earth                        5
Comestibles
 a - 4 bread rations
 f - a chunk of flesh
 j - a meat ration


   Skills:
 + Level 2.0 Dodging
 - Level 2.1 Stealth
 + Level 2.9 Spellcasting
 - Level 4.0 Conjurations
   Level 0.7 Transmutations
 + Level 5.0 Earth Magic


You had 5 spell levels left.
You knew the following spells:

 Your Spells              Type           Power        Failure   Level  Hunger
a - Sandblast             Erth           ###...       2%          1    #......
b - Stone Arrow           Conj/Erth      ###...       12%         3    ###....


Dungeon Overview and Level Annotations

Branches:
Dungeon (4/15)
 Temple: D:4-7

Altars:
Gozag

Annotations:
D:4 Blork the orc, Dowan, Duvessa


Innate Abilities, Weirdness & Mutations

You are resistant to torment.
You are immune to poison.
Your stone body is very resilient (AC +4).
You resist negative energy.
You are resistant to electric shocks.
You can survive without breathing.
You are immune to petrification.
You are immune to rotting.


Message History

You completely miss Duvessa.
Duvessa is almost dead.
Duvessa closely misses you.
You barely miss Duvessa.
Duvessa is almost dead.
Duvessa hits you with a short sword.
You hit Duvessa but do no damage.
Duvessa is almost dead.
Duvessa hits you with a short sword.
Casting: Sandblast
Confirm with . or Enter, or press ? or * to list all spells.
Aiming: Sandblast
Press: ? - help, Shift-Dir - straight line, f/p - Duvessa
Aim: Duvessa, wielding a short sword (almost dead)
You miscast Sandblast.
You are very lightly contaminated with residual magic.
Nothing appears to happen.
Duvessa hits you with a short sword.
* * * LOW HITPOINT WARNING * * *
Duvessa hits you with a short sword!
You die...

#.# #.....#.....# #.#
##.###.#.....# #.## #..#
#.#....##
...###.####.##########
#.........#..........#
#..##.###########.##.#
#.....##..........##.####.#
####......#.#######.......#
# #...<......)e@....####...
# #....###.########.# ##
#....# #.# #.# .#####..#
#.# #.# ..####..# #.#
#a...?[# #...##..# #..
......l.. ###.....# ###
.......e.. ###...#
.###≈..≈### ##..# .# #≈≈#..


You could see Duvessa.

Vanquished Creatures
  A hound (D:4)
  2 worker ants (D:4)
  An adder (D:2)
  2 gnolls (D:2)
  3 worms
  An adder skeleton (D:4)
  A giant gecko (D:4)
  9 orcs
  3 ball pythons
  8 bats
  4 goblins
  8 hobgoblins
  2 jackals (D:2)
  7 kobolds
  2 quokkas
  8 giant cockroaches
  A giant gecko skeleton (D:4)
  3 giant newts (D:2)
  8 rats
74 creatures vanquished.

Vanquished Creatures (others)
  A worker ant (D:4)
  A giant gecko skeleton (D:4)
2 creatures vanquished.

Grand Total: 76 creatures vanquished

Notes
Turn   | Place    | Note
--------------------------------------------------------------
     0 | D:1      | Hocus, the Gargoyle Earth Elementalist, began the quest for the Orb.
     0 | D:1      | Reached XP level 1. HP: 10/10 MP: 3/3
   175 | D:1      | Reached skill level 4 in Earth Magic
   274 | D:1      | Reached XP level 2. HP: 9/15 MP: 0/4
  1244 | D:2      | Reached XP level 3. HP: 17/19 MP: 0/6
  1249 | D:2      | Learned a level 3 spell: Stone Arrow
  2026 | D:2      | Reached skill level 1 in Conjurations
  2297 | D:2      | Reached XP level 4. HP: 15/24 MP: 0/8
  3021 | D:3      | Found an opulent altar of Gozag.
  3613 | D:4      | Noticed Blork the orc
  3923 | D:4      | Noticed Dowan
  4256 | D:4      | Reached XP level 5. HP: 28/28 MP: 3/9
  5447 | D:4      | Noticed Duvessa
  5456 | D:4      | Reached skill level 5 in Earth Magic
  5855 | D:4      | Slain by Duvessa

Action                   |  1- 3 |  4- 6 || total
-------------------------+-------+-------++-------
Melee: Unarmed           |     4 |    50 ||    54
 Cast: Sandblast         |   103 |   130 ||   233
       Stone Arrow       |       |    17 ||    17
  Use: Potion            |       |     9 ||     9
       Scroll            |       |     6 ||     6
  Eat: Chunk             |     5 |    12 ||    17
       Meat ration       |       |     1 ||     1
